 Dungeon Crawl Stone Soup version 0.25.0-11-g1f837a76a1 (webtiles) character file.

Game seed: 3248727410154774107

25 Apogee the Firebug (level 2, -6/15 HPs)
             Began as a Deep Elf Fire Elementalist on June 26, 2020.
             Mangled by Natasha (8 damage)
             ... on level 2 of the Dungeon.
             The game lasted 00:03:44 (1408 turns).

Apogee the Firebug (Deep Elf Fire Elementalist)     Turns: 1408, Time: 00:03:44

Health: -6/15      AC:  3    Str:  5    XL:     2   Next: 86%
Magic:  0/8        EV: 13    Int: 19    God:
Gold:   40         SH:  0    Dex: 15    Spells: 6/7 levels left

rFire    . . .     SeeInvis .   e - +0 short sword
rCold    . . .     Gourm    .   (no shield)
rNeg     . . .     Faith    .   a - +0 robe
rPois    .         Spirit   .   (no helmet)
rElec    .         Reflect  .   (no cloak)
rCorr    .         Harm     .   (no gloves)
MR       .....                  i - +0 pair of boots
Stlth    ++........             (no amulet)
HPRegen  0.05/turn              (no ring)
MPRegen  0.11/turn              (no ring)

@: slowed, very slow
A: no striking features
a: no special abilities


You were on level 2 of the Dungeon.
You were not hungry.

You visited 1 branch of the dungeon, and saw 2 of its levels.

You collected 40 gold pieces.

Inventory:

Hand Weapons
 e - a +0 short sword (weapon)
Missiles
 m - 13 poisoned darts (quivered)
Armour
 a - a +0 robe (worn)
 i - a +0 pair of boots (worn)
Scrolls
 f - 2 scrolls of amnesia {unknown}
 h - a scroll of remove curse {unknown}
 j - a scroll of teleportation {unknown}
Potions
 b - a potion of haste {unknown}
 d - 2 potions of might {unknown}
 k - a potion of curing {unknown}
 l - a potion of resistance {unknown}
Comestibles
 c - 6 rations
 g - a chunk of flesh


   Skills:
 - Level 2.7 Dodging
 - Level 2.5 Stealth
 - Level 3.3 Spellcasting
 + Level 2.0 Conjurations
 - Level 3.7 Fire Magic


You had 6 spell levels left.
You knew the following spells:

 Your Spells              Type           Power        Failure   Level  Hunger
a - Foxfire               Conj/Fire      ##..         4%          1    None

Your spell library contained the following spells:

 Spells                   Type           Power        Failure   Level  Hunger
 Conjure Flame            Conj/Fire      ##......     14%         3    ###....
 Inner Flame              Hex/Fire       ##......     21%         3    ###....
 Sticky Flame             Conj/Fire      ##......     41%         4    ####...
 Fireball                 Conj/Fire      ##........   77%         5    ######.


Dungeon Overview and Level Annotations

Branches:
Dungeon (2/15)

Altars:

Annotations:
D:2 Natasha


Message History

The foxfire hits Natasha.
Natasha is severely wounded.
The foxfire hits Natasha.
Natasha is almost dead.
Natasha claws you.
* * * LOW HITPOINT WARNING * * *
You closely miss Natasha.
Natasha is almost dead.
Natasha casts a spell at you. You resist with significant effort.
Casting: Foxfire (safe; 4% risk of failure)
Confirm with . or Enter, or press ? or * to list all spells.
You conjure some foxfire!
The crimson imp disappears in a puff of smoke!
Natasha completely misses you.
The crimson imp blinks!
Natasha wildly gestures.
Natasha's front paws start to glow.
Natasha claws you!
Ouch! That really hurt!
You die...

#.#...###### #....÷.....####
##### ###.#####.....# #.... #.#
#.).[.#########.###
#.#####.....'.........+..
###....##.....#....###..#.#
#......#....#.#....###..#.#
#.#.....5...#.#....#.+..#.#
#.#....#..@v#.#....#.#..#..
#.###.#..lhv..#....#.#..#+#
#######.....#...#####....'.##...#
....##...####..5.55......########
....##......#..§...##.#'#########
....##......#......+..#.#.......#
....###.....#......####.'.......#
....###.....#......# ###.......#
............#......# #......[#


You could see Natasha, a crimson imp (summoned), a white imp (summoned) and a
frilled lizard.

Vanquished Creatures
  A worm (D:2)
  2 dart slugs
  4 bats
  A giant cockroach (D:2)
  3 goblins (D:1)
  2 hobgoblins
  A quokka (D:2)
  A frilled lizard (D:1)
  3 kobolds (D:1)
  A rat (D:1)
19 creatures vanquished.

Vanquished Creatures (others)
  48 foxfires
48 creatures vanquished.

Grand Total: 67 creatures vanquished

Notes
Turn   | Place    | Note
-------+----------+-------------------------------------------
     0 | D:1      | Apogee the Deep Elf Fire Elementalist began the quest for
                  | the Orb.
     0 | D:1      | Reached XP level 1. HP: 10/10 MP: 6/6
   301 | D:1      | Reached XP level 2. HP: 15/15 MP: 5/8
  1383 | D:2      | Noticed Natasha
  1386 | D:2      | Noticed a crimson imp
  1391 | D:2      | Noticed a crimson imp
  1408 | D:2      | Mangled by Natasha

Illustrated notes

Levels and vault maps discovered:
D:1:      lightli_arrival_quake, layout_basic, serial_forest,
          infiniplex_forest_lined_2, infiniplex_forest_clump_medium,
          infiniplex_forest_clump_C, infiniplex_forest_end_2,
          infiniplex_forest_clump_tiny
D:2:      layout_basic, lemuel_round_altar, minmay_misc_feat_encased,
          palyth_stone_intersect, grunt_decor_arrowhead, uniq_natasha

Skill      XL: |  1  2 |
---------------+-------+-----
Conjurations   | 2 |  2.0
Dodging        | |  2.7
Stealth        | |  2.5
Spellcasting   | |  3.3
Fire Magic     | |  3.7

Action                   || total
-------------------------++-------
Melee: Short sword       ||    44
 Cast: Foxfire           ||    28
 Stab: Sleeping          ||     1
  Eat: Chunk             ||     1
Armor: Robe              ||    16
Dodge: Dodged            ||    50
